 Dungeon Crawl Stone Soup version 0.31-a0-859-g9dce7d3444 (webtiles) character file.

Game seed: 1040481305064756245

51 wvc the Firebug (level 3, -1/19 HPs)
             Began as a Gargoyle Fire Elementalist on Oct 9, 2023.
             Slain by a quokka (2 damage)
             ... on level 2 of the Dungeon.
             The game lasted 00:03:52 (1536 turns).

wvc the Firebug (Gargoyle Fire Elementalist)        Turns: 1536, Time: 00:03:53

Health: -1/19      AC:  5    Str: 11    XL:     3   Next: 83%
Magic:  1/6        EV: 11    Int: 17    God:
Gold:   77         SH:  0    Dex: 10    Spells: 4/7 levels left

rFire   . . .        (no weapon)
rCold   . . .        (no shield)
rNeg    + . .        a - +0 robe
rPois   ∞            (no helmet)
rElec   +            (no cloak)
rCorr   .            (no gloves)
SInv    .            (no boots)
Will    .....        (no amulet)
Stlth   ++           (no ring)
HPRegen 0.23/turn    (no ring)
MPRegen 0.10/turn

%: no passive effects
@: very slightly contaminated
A: sickness immunity, AC +3, negative energy resistance 1, electricity
resistance, torment resistance 1, petrification resistance
a: no special abilities


You were on level 2 of the Dungeon.
You visited 1 branch of the dungeon, and saw 2 of its levels.

You collected 77 gold pieces.

Inventory:

Missiles
 j - 3 javelins
 l - 2 poisoned darts
Armour
 a - a +0 robe (worn)
Scrolls
 d - 2 scrolls of vulnerability {unknown}
 e - 4 scrolls of amnesia {unknown}
 f - a scroll of teleportation {unknown}
 h - a scroll of silence {unknown}
 i - a scroll of immolation {unknown}
 m - 2 scrolls of poison {unknown}
 n - a scroll of revelation {unknown}
Potions
 b - a potion of magic
 c - 2 potions of heal wounds {unknown}
 g - 2 potions of curing {unknown}
 k - a potion of degeneration {unknown}


   Skills:
 - Level 1.5 Dodging
 - Level 2.1 Stealth
 + Level 2.5 Spellcasting
 * Level 2.2 Conjurations
 + Level 3.8 Fire Magic


You had 4 spell levels left.
You knew the following spells:

 Your Spells              Type           Power      Damage    Failure   Level
a - Foxfire               Conj/Fire      48%        2x1d6     5%          1
b - Scorch                Fire           30%        2d6       6%          2

Your spell library contained the following spells:

 Spells                   Type           Power      Damage    Failure   Level
 Freeze                   Ice            8%         1d3       19%         1
 Inner Flame              Hex/Fire       8%         N/A       26%         3
 Volatile Blastmotes      Fire/Tloc      16%        2d11      26%         3
 Hailstorm                Conj/Ice       5%         3d4       34%         3
 Flame Wave               Conj/Fire      12%        2d6       45%         4
 Frozen Ramparts          Ice            4%         1d1       50%         3
 Gell's Gravitas          Tloc           2%         N/A       50%         3
 Teleport Other           Tloc           2%         N/A       50%         3
 Dispersal                Tloc           1%         N/A       100%        6


Dungeon Overview and Level Annotations

Branches:
Dungeon (2/15)

Altars:

Shops:
D:1 !

Annotations:
D:2 Jessica


Innate Abilities, Weirdness & Mutations

You are immune to sickness and miasma.
Your stone body is resilient. (AC +3)
You are immune to poison.
You resist negative energy. (rN+)
You are resistant to electric shocks. (rElec)
You are resistant to unholy torment.
You are immune to petrification.


Message History

Jessica is moderately wounded.
The foxfire hits Jessica.
Jessica is heavily wounded.
Jessica attacks as she pursues you! Jessica hits you with a +0 club.
Casting: Foxfire (safe; 5% risk of failure)
Press: ? - help, Q - select action, (/) - cycle Dir - look around, f - activate You conjure some foxfire!
Jessica hits you with a +0 club!
The foxfire hits Jessica but does no damage.
Jessica is heavily wounded.
The foxfire hits Jessica.
Jessica is almost dead.
The adder attacks as it pursues you! The adder closely misses you.
Jessica gestures wildly while chanting.
Jessica seems to speed up.
The adder barely misses you.
Casting: Foxfire (safe; 5% risk of failure)
Press: ? - help, Q - select action, (/) - cycle Dir - look around, f - activate You conjure some foxfire!
The adder misses you.
Jessica says, "I'm really upset."
Jessica points at you and mumbles some strange words.
Pain shoots through your body!
* * * LOW HITPOINT WARNING * * *
The foxfire hits the adder.
The adder is severely wounded.
Jessica hits you with a +0 club.
* * * LOW HITPOINT WARNING * * *
Casting: Foxfire (safe; 5% risk of failure)
Press: ? - help, Q - select action, (/) - cycle Dir - look around, f - activate You miscast Foxfire.
You are very lightly contaminated with residual magic.
Nothing appears to happen.
Jessica barely misses you. Jessica casts a spell at you.
You barely resist.
Casting: Foxfire (safe; 5% risk of failure)
Press: ? - help, Q - select action, (/) - cycle Dir - look around, f - activate You conjure some foxfire!
The quokka barely misses you. Jessica misses you. The quokka bites you.
You die...

.........##!?.##..#
.........#...§.#..#
)........#....r'..#
.........#.....#..#
.........##.?.##..#
..........#####...#
................#S#
...............r#@#
............##.v@v#
............##...##
##########.......#
### #.##.#.## ..#
#.##.#.# ..#
#....#.# ..#
####.####..
..#####....# ...
..##.....### ###


You could see an adder, Jessica (fast, ally target) and a quokka (ally target).

Vanquished Creatures
  An adder (D:2)
  2 dart slugs (D:2)
  2 endoplasms (D:1)
  3 giant cockroaches
  3 hobgoblins
  4 jackals
  3 quokkas (D:2)
  3 ball pythons (D:1)
  6 bats
  3 frilled lizards
  2 goblins
  A kobold (D:2)
  3 rats
36 creatures vanquished.

Vanquished Creatures (others)
  98 foxfires
98 creatures vanquished.

Grand Total: 134 creatures vanquished

Notes
Turn   | Place    | Note
-------+----------+-------------------------------------------
     0 | D:1      | wvc the Gargoyle Fire Elementalist began the quest for the
                  | Orb.
     0 | D:1      | Reached XP level 1. HP: 10/10 MP: 3/3
   176 | D:1      | Found Puudgh Soup's Distillery.
   194 | D:1      | Found a faded altar of an unknown god.
   199 | D:1      | Reached XP level 2. HP: 15/15 MP: 1/5
   965 | D:1      | Reached XP level 3. HP: 7/19 MP: 1/6
  1355 | D:2      | Learned a level 2 spell: Scorch
  1524 | D:2      | Noticed Jessica
  1536 | D:2      | Slain by a quokka

Illustrated notes

Levels and vault maps discovered:
D:1:      roderic_dead_forest, layout_basic, serial_shops,
          nicolae_shop_hallway_plus, chequers_ecumenical_altar_island
D:2:      layout_basic, kennysheep_jessica_study

Skill      XL: |  1  2  3 |
---------------+----------+-----
Conjurations   | 2 |  2.2
Dodging        | |  1.5
Stealth        | |  2.1
Spellcasting   | |  2.5
Fire Magic     | |  3.8

Action                     || total
---------------------------++-------
  Melee: Unarmed           ||    22
   Cast: Foxfire           ||    59
 Armour: Robe              ||    55
  Dodge: Dodged            ||    65

Table legend: (Time is in decaauts)
 A = Elapsed time spent in this place.
 B = Non-inter-level travel time spent in this place.
 C = Inter-level travel time spent in this place.
 D = Time resting spent in this place.
 E = Time spent auto-exploring this place.
 F = Levels seen in this place.
 G = Mean time per level.
                   A        B        C        D        E       F      G
               +--------+--------+--------+--------+--------+-----+--------+
         Total |   1541 |   1514 |     27 |     90 |   1139 |   2 |  770.5 |
       Dungeon |   1541 |   1514 |     27 |     90 |   1139 |   2 |  770.5 |
               +--------+--------+--------+--------+--------+-----+--------+

Top non-repeatable levels by time:
     D:1: 817 daAuts
     D:2: 723 daAuts
